 Dungeon Crawl Stone Soup version 0.23.2-33-g5129a83184 (webtiles) character file.

Game seed: 10644051145891378631

364 Folque the Digger (level 6, -4/48 HPs)
             Began as a Draconian Earth Elementalist on July 18, 2019.
             Killed by divine providence
             ... invoked by an orc priest
              (13 damage)
             ... on level 4 of the Dungeon.
             The game lasted 00:10:26 (3245 turns).

Folque the Digger (Draconian Earth Elementalist)    Turns: 3245, Time: 00:10:26

Health: -4/48      AC:  7    Str: 11    XL:     6   Next: 39%
Magic:  0/11       EV: 12    Int: 17    God:
Gold:   244        SH:  0    Dex: 11    Spells: 1/12 levels left

rFire    . . .     SeeInvis .   r - +1 falchion (holy)
rCold    . . .     Gourm    .   (no shield)
rNeg     . . .     Faith    .   (armour unavailable)
rPois    .         Spirit   .   (helmet restricted)
rElec    .         Reflect  .   i - +0 cloak
rCorr    .         Harm     .   (no gloves)
MR       .....                  (no boots)
Stlth    ++........             (no amulet)
HPRegen  0.16/turn              (no ring)
MPRegen  0.12/turn              (no ring)

@: no status effects
A: unfitting armour, cold-blooded, AC +6
a: no special abilities


You were on level 4 of the Dungeon.
You were not hungry.

You visited 1 branch of the dungeon, and saw 4 of its levels.

You collected 244 gold pieces.

Inventory:

Hand Weapons
 e - a +0 club
 h - a +0 dagger
 p - a +0 club
 q - a +0 short sword
 r - a +1 falchion of holy wrath (weapon)
Missiles
 b - 170 stones (quivered)
Armour
 f - a +0 helmet
 i - a +0 cloak (worn)
Jewellery
 t - an uncursed ring of fire {unknown}
Wands
 u - a wand of random effects (22)
Scrolls
 a - a scroll of amnesia {unknown}
 d - 2 scrolls of remove curse
 k - 2 scrolls of magic mapping {unknown}
 m - 2 scrolls of fear {unknown}
 n - a scroll of random uselessness {unknown}
 s - 4 scrolls of identify {unknown}
 v - a scroll of fog
Potions
 g - a potion of brilliance {unknown}
 j - a potion of flight {unknown}
 l - 3 potions of degeneration {unknown}
Comestibles
 c - 2 rations
 w - 5 chunks of flesh


   Skills:
 - Level 2.2 Fighting
 - Level 1.7 Dodging
 - Level 1.7 Stealth
 + Level 3.8 Spellcasting
 + Level 3.2 Conjurations
 - Level 1.0 Transmutations
 * Level 4.6 Earth Magic


You had one spell level left.
You knew the following spells:

 Your Spells              Type           Power        Failure   Level  Hunger
a - Sandblast             Erth           ###...       2%          1    None
b - Passwall              Tmut/Erth      ##......     8%          2    ##.....
c - Stone Arrow           Conj/Erth      ###...       10%         3    ###....
d - Lee's Rapid Deconstr  Erth           ###.......   54%         5    ######.

Your spell library contained the following spells:

 Spells                   Type           Power        Failure   Level  Hunger
 Petrify                  Tmut/Erth      ##......     45%         4    ####...


Dungeon Overview and Level Annotations

Branches:
Dungeon (4/15)
 Temple: D:4-7

Altars:
Gozag

Annotations:
D:3 3 runed translucent doors, jerry414's ghost, amateur DEFE


Innate Abilities, Weirdness & Mutations

Your plain brown scales are hard. (AC +6)
You cannot fit into any form of body armour.
You are cold-blooded and may be slowed by cold attacks.


Message History

The orc barely misses you.
You riposte.
You hit the orc but do no damage. You hit the orc priest.
The orc priest is severely wounded.
The orc priest invokes the aid of Beogh against you.
Pain shoots through your body! The orc hits you with a +0 flail.
* * * LOW HITPOINT WARNING * * *
The orc hits you with a +1 flail of protection.
* * * LOW HITPOINT WARNING * * *
Casting: Sandblast (safe; 2% risk of failure)
Confirm with . or Enter, or press ? or * to list all spells.
Aiming: Sandblast (safe; 2% risk of failure)
Press: ? - help, Shift-Dir - straight line, f/p - orc priest
Aim: an orc priest, wielding a +0 hand axe and wearing a +0 chain mail (severely wounded)
The blast of sand hits the orc priest.
The orc priest is severely wounded.
b - 170 stones The orc priest closely misses you.
The orc hits you but does no damage.
The orc priest invokes the aid of Beogh against you.
Beogh smites you!
You die...

####...# #..### #...#.# .#......#
#.#....# ###.#.# ...#.#..#
#.#....## #.#.# #.......
#.#.....########.#.#
##.#.#..###.#.....#........#.#
..........#.#####..#########.#
...##...##.....#..........#.#
.........######.#....#####...#
...#.#.#..#...#@#.##....###.##
#............##o#####...###.#
##.#.#.#...o##oo..# ##.<....#
#............#..#####....####
#..#.#.#..........#.#.....######
##..............#.#.#.#....#....
###...##........#.#.#.#.........
##...............#.#.#.#....#.#.#
.^...............#.#.#.#....#....


You could see an orc priest and 2 orcs.

Vanquished Creatures
  A black bear (D:3)
  An ogre (D:4)
  A bullfrog (D:3)
  4 adders
  An ooze (D:2)
  An adder skeleton (D:4)
  2 worms (D:2)
  2 dart slugs
  4 leopard geckos
  4 orcs (D:3)
  A ball python (D:3)
  3 giant cockroaches
  5 hobgoblins
  5 jackals
  7 kobolds
  A quokka (D:4)
  5 bats
  3 frilled lizards
  10 goblins
  5 rats
66 creatures vanquished.

Vanquished Creatures (others)
  A plant (D:2)
1 creature vanquished.

Grand Total: 67 creatures vanquished

Notes
Turn   | Place    | Note
-------+----------+-------------------------------------------
     0 | D:1      | Folque the Draconian Earth Elementalist began the quest for
                  | the Orb.
     0 | D:1      | Reached XP level 1. HP: 14/14 MP: 3/3
    79 | D:1      | Reached skill level 1 in Fighting
   129 | D:1      | Reached XP level 2. HP: 11/23 MP: 3/5
   869 | D:2      | Reached XP level 3. HP: 24/29 MP: 6/6
   878 | D:2      | Learned a level 2 spell: Passwall
   882 | D:2      | Learned a level 3 spell: Stone Arrow
  1421 | D:2      | Reached XP level 4. HP: 32/36 MP: 6/8
  1954 | D:3      | Noticed a bullfrog
  1957 | D:3      | Killed a bullfrog
  1957 | D:3      | Reached skill level 1 in Conjurations
  1957 | D:3      | Reached XP level 5. HP: 40/41 MP: 4/9
  2107 | D:3      | Found a runed translucent gate.
  2108 | D:3      | Found a runed translucent gate.
  2109 | D:3      | Found a runed translucent gate.
  2110 | D:3      | Found an opulent altar of Gozag.
  2111 | D:3      | Noticed jerry414's ghost (amateur DEFE)
  2655 | D:4      | Reached skill level 4 in Earth Magic
  2661 | D:4      | Noticed a black bear
  2684 | D:3      | Killed a black bear
  2684 | D:3      | Reached XP level 6. HP: 27/48 MP: 0/11
  2691 | D:3      | Learned a level 5 spell: Lee's Rapid Deconstruction
  3236 | D:4      | HP: 1/48 [orc priest/divine providence (13)]
  3245 | D:4      | Killed from afar by an orc priest

Skill      XL: |  1  2  3  4  5  6 |
---------------+-------------------+-----
Fighting       | 1 2 |  2.2
Spellcasting   | 3 |  3.8
Conjurations   | 1 2 3 |  3.2
Earth Magic    | 4 |  4.6
Dodging        | |  1.7
Stealth        | |  1.7
Transmutations | |  1.0

Action                   |  1- 3 |  4- 6 || total
-------------------------+-------+-------++-------
Melee: Unarmed           |    18 |       ||    18
       Tailslap          |    17 |    11 ||    28
       Club              |     9 |       ||     9
       Dagger            |    88 |    46 ||   134
       Rapier            |    30 |       ||    30
       Short sword       |       |    27 ||    27
       Falchion          |       |    16 ||    16
 Cast: Sandblast         |    19 |    20 ||    39
       Stone Arrow       |     2 |     7 ||     9
  Use: Scroll            |     2 |       ||     2
       Potion            |       |     2 ||     2
 Stab: Sleeping          |     4 |       ||     4
  Eat: Chunk             |     2 |     4 ||     6
       Ration            |       |     1 ||     1
Armor: Skin              |    63 |    28 ||    91
Dodge: Dodged            |   122 |    75 ||   197
       Rpst.: Falchion   |       |    11 ||    11
